 Dungeon Crawl Stone Soup version 0.28.0-43-g3370ac3207 (webtiles) character file.

Game seed: 12711944715332091854

31 nickcage the Firebug (level 3, -4/19 HPs)
             Began as a Gargoyle Fire Elementalist on Mar 29, 2022.
             Slain by Terence
             ... wielding a +0 flail
              (8 damage)
             ... on level 1 of the Dungeon.
             The game lasted 00:08:26 (1563 turns).

nickcage the Firebug (Gargoyle Fire Elementalist)   Turns: 1563, Time: 00:08:27

Health: -4/19      AC:  5    Str: 11    XL:     3   Next: 22%
Magic:  2/6        EV: 11    Int: 17    God:
Gold:   36         SH:  0    Dex: 10    Spells: 0/6 levels left

rFire   . . .      SeeInvis .   c - +0 dagger
rCold   . . .      Faith    .   (no shield)
rNeg    + . .      Spirit   .   a - +0 robe
rPois   ∞          Reflect  .   (no helmet)
rElec   +          Harm     .   (no cloak)
rCorr   .          Rampage  .   (no gloves)
Will    .....                   (no boots)
Stlth   ++........              (no amulet)
HPRegen 0.06/turn               (no ring)
MPRegen 0.10/turn               (no ring)

@: very slightly contaminated
A: sickness immunity, AC +3, negative energy resistance 1, electricity
resistance, torment resistance 1, petrification resistance
a: no special abilities


You were on level 1 of the Dungeon.
You visited 1 branch of the dungeon, and saw 2 of its levels.

You collected 36 gold pieces.

Inventory:

Hand Weapons
 c - a +0 dagger (weapon)
 e - a +0 morningstar
Armour
 a - a +0 robe (worn)
Scrolls
 d - a scroll of torment {unknown}
 g - a scroll of acquirement {unknown}
Potions
 b - a potion of lignification {unknown}
 f - a potion of might {unknown}


   Skills:
 - Level 1.5 Dodging
 - Level 2.1 Stealth
 - Level 2.0 Spellcasting
 + Level 1.3 Conjurations
 + Level 4.2 Fire Magic


You couldn't memorise any spells.
You knew the following spells:

 Your Spells              Type           Power      Damage    Failure   Level
a - Foxfire               Conj/Fire      44%        2x1d6     6%          1
b - Scorch                Fire           32%        2d7       5%          2
c - Conjure Flame         Conj/Fire      11%        6-21      19%         3

Your spell library contained the following spells:

 Spells                   Type           Power      Damage    Failure   Level
 Inner Flame              Hex/Fire       8%         N/A       24%         3
 Flame Wave               Conj/Fire      11%        2d5       52%         4


Dungeon Overview and Level Annotations

Branches:
Dungeon (2/15)

Altars:

Annotations:
D:1 Terence


Innate Abilities, Weirdness & Mutations

You are immune to sickness and miasma.
Your stone body is resilient. (AC +3)
You are immune to poison.
You resist negative energy. (rN+)
You are resistant to electric shocks. (rElec)
You are resistant to unholy torment.
You are immune to petrification.


Message History

You can't see any susceptible monsters within range! (Use Z to cast anyway.) Flames lash Terence but do no damage.
You see here 26 stones.
Terence says, "How do you enjoy it?"
Flames lash Terence.
Terence is moderately wounded.
Terence's fire resistance burns away.
Terence says, "You're history."
Casting: Scorch (safe; 5% risk of failure)
Confirm with . or Enter, or press ? or * to list all spells.
The spell is extremely dangerous to miscast (19% risk of failure)!
Continue anyway?
Uppercase [Y]es or [N]o only, please.
The spell is extremely dangerous to miscast (19% risk of failure)!
Continue anyway?
The fire begins to smoulder!
Terence smothers the flame.
Terence shouts, "DIE!!!"
A frilled lizard comes into view.
Terence says, "You're history."
Terence looks scornfully at you.
An adder comes into view.
There is a stone staircase leading up here.
Terence hits you with a +0 flail.
You climb upwards.
There is a stone staircase leading down here.
Terence says, "Don't bother to defend, it's useless."
Casting: Conjure Flame (extremely dangerous; 19% risk of failure)
Confirm with . or Enter, or press ? or * to list all spells.
You miscast Scorch.
You are very lightly contaminated with residual magic.
Nothing appears to happen.
Terence hits you with a +0 flail!
Ouch! That really hurt!
* * * LOW HITPOINT WARNING * * *
You are too injured to fight recklessly!
Casting: Scorch (safe; 5% risk of failure)
Press: ? - help, Q - select action, (/) - cycle Dir - look around, f - activate Flames lash Terence.
Terence is moderately wounded.
Terence's fire resistance burns away.
Terence hits you with a +0 flail!
You die...

##.##............##.####.# #.##
##....####.....####.####.#####.##
##.#### #.##### #.#.....[......
##.# ##.## #.#.##.#####... ##.#
#...# #.#.##.# #### ...# #...#
#......# #### #...# ####.### #
#...##########.### ##
#......@@.##.....# ######
.########...#####.##.....# #.....
.##...............##.....###.....
..................##......÷......
.##...............##.....###.....
.######.#...#.###.##.###.# #.....
.# #.#.........##.###.# ###### .#
#.#...#.##..)).....##### .#
#.#...#.##.#######.....#


You could see Terence (combustible).

Vanquished Creatures
  2 dart slugs (D:1)
  A ball python (D:1)
  A giant cockroach (D:1)
  5 goblins (D:1)
  4 jackals (D:1)
  A quokka (D:1)
  4 bats (D:1)
  A frilled lizard (D:1)
  A kobold (D:1)
  7 rats
27 creatures vanquished.

Vanquished Creatures (others)
  21 foxfires (D:1)
21 creatures vanquished.

Grand Total: 48 creatures vanquished

Notes
Turn   | Place    | Note
-------+----------+-------------------------------------------
     0 | D:1      | nickcage the Gargoyle Fire Elementalist began the quest for
                  | the Orb.
     0 | D:1      | Reached XP level 1. HP: 10/10 MP: 3/3
   166 | D:1      | Reached XP level 2. HP: 15/15 MP: 0/5
   169 | D:1      | Learned a level 2 spell: Scorch
   762 | D:1      | Found a faded altar of an unknown god.
   815 | D:1      | Reached skill level 4 in Fire Magic
   871 | D:1      | Reached XP level 3. HP: 19/19 MP: 3/6
   875 | D:1      | Learned a level 3 spell: Conjure Flame
  1438 | D:2      | Noticed Terence
  1563 | D:1      | Slain by Terence

Illustrated notes

Levels and vault maps discovered:
D:1:      psy_arrival_terrarium, layout_loops_cross,
          ebering_ecumenical_altar_sacrificial
D:2:      layout_basic, uniq_sigmund, uniq_jessica, uniq_terence

Skill      XL: |  1  2 |
---------------+-------+-----
Fire Magic     | 4 |  4.2
Dodging        | |  1.5
Stealth        | |  2.1
Spellcasting   | |  2.0
Conjurations   | |  1.3

Action                   || total
-------------------------++-------
Melee: Dagger            ||    24
 Cast: Foxfire           ||    12
       Scorch            ||    25
       Conjure Flame     ||     2
Armor: Robe              ||    25
Dodge: Dodged            ||    39
